Map: King's Cove LE

Players

HeroMarine

  • Race: Terran Terran
  • Spawn Location: 11:00

Reynor - Winner!

  • Race: Zerg Zerg
  • Spawn Location: 5:00

Event: HomeStory Cup XXVI

VOD

Have the link to the VOD?

Description

Time

  • Played on: Nov. 30, 2024, 6:31 a.m.
  • Length: 7:41

All games in this series

Show
View Real Time Build Order
Export as new Build Order

HeroMarine Terran 

Build Orders: Reaper Expand, Hellion Banshee, Mech 

Get SALT Encoding   

  12  0:00  SCV  
  13  0:12  SCV  
  14  0:18  Supply Depot  
  14  0:24  SCV  
  15  0:39  SCV  
  15  0:41  Barracks  
  16  0:44  Refinery  
  16  0:51  SCV  
  17  1:04  SCV  
  18  1:16  SCV  
  19  1:27  Reaper  
  19  1:28  Orbital Command  
  20  1:41  Command Center  
  20  1:48  Supply Depot  
  20  1:53  SCV  
  21  1:59  Marine  
  22  2:05  SCV  
  23  2:12  Factory  
  23  2:17  SCV  
  23  2:21  Barracks Reactor  
  24  2:29  SCV  
  25  2:38  Command Center  
  25  2:42  SCV  
  26  2:53  Orbital Command  
  26  2:54  SCV  
  27  3:04  Starport  
  27  3:06  SCV  
  27  3:07  Refinery  
  27  3:12  Hellion  
  30  3:14  Hellion  
  30  3:19  Barracks Tech Lab  
  32  3:20  SCV  
  32  3:21  SCV  
  34  3:32  SCV  
  34  3:33  SCV  
  36  3:35  Hellion  
  36  3:36  Hellion  
  40  3:44  SCV  
  40  3:45  SCV  
  42  3:48  Banshee  
  42  3:51  Orbital Command  
  45  3:56  SCV  
  45  3:57  SCV  
  45  4:00  Supply Depot, Cloaking Field  
  47  4:05  Hellion  
  47  4:07  Hellion  
  51  4:10  SCV  
  51  4:11  SCV  
  51  4:16  Barracks Tech Lab  
  53  4:18  SCV  
  53  4:22  Supply Depot, SCV  
  53  4:23  SCV  
  56  4:25  Refinery  
  56  4:30  SCV  
  57  4:31  Banshee  
  57  4:33  Refinery  
  57  4:34  SCV  
  57  4:35  SCV  
  57  4:38  Hellion  
  64  4:42  SCV, Hellion  
  67  4:46  SCV  
  67  4:47  SCV  
  69  4:55  Orbital Command  
  69  4:57  Supply Depot  
  69  4:58  Hyperflight Rotors, Marine  
  69  4:59  Hellion  
  72  5:00  SCV x2  
  72  5:03  Hellion  
  76  5:12  SCV  
  77  5:18  Banshee  
  77  5:19  SCV  
  81  5:22  Factory  
  81  5:23  SCV  
  81  5:24  SCV  
  81  5:25  Supply Depot x2  
  81  5:26  Factory  
  81  5:27  Hellion  
  85  5:35  Refinery  
  85  5:36  SCV x3, Refinery, Hellion  
  85  5:38  Armory  
  90  5:48  SCV x3  
  89  6:00  SCV x2  
  89  6:01  SCV  
  89  6:03  Command Center  
  90  6:04  Banshee  
  90  6:08  Siege Tank  
  90  6:09  Factory Tech Lab  
  96  6:12  SCV x2  
  96  6:13  SCV  
  99  6:21  Supply Depot  
  99  6:25  SCV  
  102  6:29  Factory  
  102  6:32  SCV x2, Factory  
  102  6:35  Siege Tank  
  102  6:37  SCV  
  106  6:40  Siege Tank  
  106  6:44  SCV x2  
  109  6:48  Supply Depot x2  
  109  6:51  Banshee  
  112  6:54  SCV  
  112  6:59  SCV x2  
  115  7:06  SCV  
  116  7:14  Factory Tech Lab  
  122  7:16  Factory Tech Lab  
  122  7:19  SCV x3  
Show
View Real Time Build Order
Export as new Build Order

Reynor Zerg - Winner!

Build Orders: Hatch First 

Get SALT Encoding   

  12  0:00  Drone  
  13  0:09  Drone  
  14  0:14  Extractor  
  14  0:15  Drone  
  15  0:37  Hatchery  
  15  0:42  Drone, Extractor  
  14  0:49  Overlord  
  15  1:04  Spawning Pool  
  15  1:08  Drone  
  15  1:11  Drone  
  15  1:15  Drone  
  17  1:19  Drone  
  18  1:29  Drone  
  19  1:40  Drone  
  20  1:49  Drone  
  20  1:50  Queen  
  20  1:51  Queen  
  25  1:55  Drone  
  25  2:00  Overlord  
  26  2:03  Drone  
  27  2:10  Drone  
  28  2:20  Drone  
  28  2:21  Drone  
  30  2:27  Hatchery  
  30  2:29  Extractor  
  28  2:30  Drone  
  28  2:36  Queen  
  30  2:42  Overlord  
  33  2:44  Drone  
  33  2:46  Drone  
  33  2:47  Drone  
  35  2:53  Drone, Extractor  
  35  2:55  Drone  
  36  3:00  Queen  
  36  3:03  Overlord  
  38  3:08  Drone x2  
  38  3:11  Drone  
  38  3:12  Drone  
  42  3:16  Drone x2  
  44  3:23  Queen  
  44  3:27  Overlord  
  46  3:29  Drone  
  46  3:30  Drone  
  48  3:40  Drone x2  
  50  3:42  Drone  
  50  3:43  Drone  
  50  3:44  Roach Warren  
  51  3:49  Drone x2, Evolution Chamber  
  51  3:50  Drone  
  51  3:52  Drone  
  51  3:54  Drone  
  51  3:55  Drone  
  56  4:02  Overlord  
  56  4:03  Drone x2  
  56  4:07  Drone x2  
  56  4:09  Queen  
  60  4:13  Overlord  
  60  4:14  Drone  
  60  4:16  Drone  
  64  4:18  Drone x2  
  64  4:20  Drone  
  64  4:21  Drone  
  68  4:26  Drone  
  68  4:30  Overlord  
  68  4:31  Extractor  
  68  4:32  Roach x2  
  68  4:34  Lair  
  68  4:35  Roach  
  68  4:36  Roach  
  76  4:41  Drone x4  
  76  4:43  Roach  
  76  4:45  Overlord  
  82  4:49  Overlord  
  82  4:52  Drone, Spore Crawler  
  83  4:53  Drone  
  83  4:55  Spore Crawler  
  83  4:58  Overlord  
  82  5:02  Hatchery, Extractor  
  82  5:05  Hatchery  
  80  5:09  Spore Crawler  
  80  5:10  Drone x4  
  80  5:13  Extractor  
  82  5:14  Roach  
  82  5:15  Roach  
  82  5:18  Roach x2  
  82  5:20  Overlord  
  90  5:23  Roach x2  
  94  5:29  Overlord  
  94  5:32  Glial Reconstitution  
  94  5:33  Drone  
  94  5:35  Roach  
  97  5:36  Overlord  
  97  5:37  Queen  
  97  5:41  Overseer  
  99  5:43  Roach  
  99  5:46  Queen  
  99  5:47  Overlord  
  99  5:48  Roach  
  105  5:54  Roach x3  
  111  6:01  Roach x2  
  111  6:02  Queen  
  117  6:05  Drone x2  
  117  6:07  Roach  
  117  6:08  Roach  
  121  6:13  Overlord  
  121  6:14  Pneumatized Carapace  
  121  6:19  Roach  
  121  6:20  Roach  
  121  6:21  Overlord  
  121  6:22  Queen  
  121  6:24  Roach  
  129  6:28  Roach x2  
  129  6:30  Roach  
  134  6:36  Roach x3  
  134  6:39  Overlord  
  140  6:40  Roach  
  140  6:41  Roach  
  140  6:45  Overseer  
  144  6:51  Queen  
  144  6:52  Queen  
  146  6:56  Roach x4  
  146  6:59  Overlord  
  154  7:04  Roach x3  
  154  7:07  Overlord  
  160  7:10  Roach x2  
  160  7:14  Roach x2  
  168  7:17  Roach x2  
  168  7:19  Overlord  
Tags
 
Add a new tag
Caveats
  • Supply blocks, unpowered buildings, or Contaminate may cause inaccurate times.
  • Supply counts are checked every 10 seconds.